 Dungeon Crawl Stone Soup version 0.28.0 (webtiles) character file.

Game seed: 901821699738265562

28 sanka the Magician (level 3, 18/18 HPs)
             Began as a Deep Elf Transmuter on Feb 8, 2022.
             Was a Follower of Hepliaklqana.
             Quit the game on level 1 of the Dungeon.
             The game lasted 00:02:48 (2227 turns).

sanka the Magician (Deep Elf Transmuter)            Turns: 2227, Time: 00:02:49

Health: 18/18      AC:  2    Str:  7    XL:     3   Next: 0%
Magic:  11/11      EV: 12    Int: 19    God:    Hepliaklqana [*.....]
Gold:   43         SH:  0    Dex: 15    Spells: 10/11 levels left

rFire   . . .      SeeInvis .     - Unarmed
rCold   . . .      Faith    .   (no shield)
rNeg    . . .      Spirit   .   a - +0 robe
rPois   .          Reflect  .   (no helmet)
rElec   .          Harm     .   (no cloak)
rCorr   .          Rampage  .   (no gloves)
Will    .....                   (no boots)
Stlth   +.........              (no amulet)
HPRegen 0.06/turn               (no ring)
MPRegen 0.12/turn               (no ring)

@: no status effects
A: reduced essence
a: Renounce Religion, Recall Ancestor, Ancestor Identity


You were on level 1 of the Dungeon.
You worshipped Hepliaklqana.
Hepliaklqana was aware of your devotion.
You visited 1 branch of the dungeon, and saw 2 of its levels.

You collected 43 gold pieces.

Inventory:

Armour
 a - a +0 robe (worn)
Jewellery
 g - a ring of ice
Scrolls
 c - a scroll of teleportation {unknown}
 d - 2 scrolls of immolation {unknown}
 e - 2 scrolls of enchant weapon {unknown}
 f - a scroll of identify {unknown}
Potions
 b - 2 potions of invisibility {unknown}


   Skills:
 - Level 0.7 Fighting
 - Level 2.4 Dodging
 - Level 2.4 Unarmed Combat
 + Level 4.9 Spellcasting
 - Level 2.1 Transmutations


You had 10 spell levels left.
You knew the following spells:

 Your Spells              Type           Power      Damage    Failure   Level
a - Beastly Appendage     Tmut           26%        N/A       4%          1

Your spell library contained the following spells:

 Spells                   Type           Power      Damage    Failure   Level
 Wereblood                Tmut           13%        N/A       8%          2
 Spider Form              Tmut/Pois      8%         N/A       24%         3
 Ice Form                 Ice/Tmut       8%         N/A       63%         4


Dungeon Overview and Level Annotations

Branches:
Dungeon (2/15)

Altars:
Hepliaklqana

Annotations:
D:2 Natasha


Message History

You see here a +0 dagger.
You hit the goblin.
You kill the goblin!
Things that are here:
a +0 dagger; a goblin corpse You start resting.
Magic restored.
You start resting.
Your horns disappear.
Your talons disappear.
A frilled lizard is nearby!
You grow a pair of large bovine horns.
Your feet morph into talons.
The frilled lizard hisses angrily.
You hit the frilled lizard but do no damage.
Your kick misses the frilled lizard. The frilled lizard barely misses you.
You closely miss the frilled lizard.
The frilled lizard bites you but does no damage.
You hit the frilled lizard.
You kill the frilled lizard!
You have reached level 3!
Your experience leads to an increase in your attributes!
Increase (S)trength, (I)ntelligence, or (D)exterity?
You feel clever. x2
Unknown command.
You start resting.
Your transformation is almost over.
Magic restored.
You start resting.
Your horns disappear.
Your talons disappear.
HP restored.
There is a dry fountain here.
Found a faded altar of an unknown god.
There is a faded altar of an unknown god here.
You cannot tell which god this altar belongs to.
Convert to them anyway?
Hepliaklqana accepts your prayer! Hepliaklqana welcomes you!
Hepliaklqana forms a fragment of your life essence into the memory of your ancestor, Servia!
You can now recall your ancestor.
You can now remember your ancestor's identity.
Unknown command.
Press < or > to pray at altars.
Are you sure you want to abandon this character and quit the game? (Confirm with "yes".)

#.# #.# ####.......... ..# #.#
#.......... ### #.### #........⌠.
####...#########.......⌠.⌠
#..#...........#..........
#......⌠≈⌠≈.P≈.########.##
#.##..≈P.....P.# #.#.
#.###.≈.####.≈.# ###.#. #.#
#.≈.#@R..P.# ###..... #.#
#.⌠.####.⌠.# #(......
#.###.≈P....P≈.# #.#.....
#.##..≈≈≈⌠⌠⌠≈≈.# #.##..#. ###
##..............# #J##..#. ..#
##..##......##.######.##....
#.####.#####.....##...J....##.###
#.##.).# #..######.########.#
#.##)#†# #..# #.# #.#


You could see the friendly Servia the ancestor.

Vanquished Creatures
  2 dart slugs (D:1)
  2 ball pythons (D:1)
  3 endoplasms (D:1)
  A giant cockroach (D:1)
  2 goblins
  3 hobgoblins (D:1)
  2 quokkas
  2 bats (D:1)
  2 frilled lizards (D:1)
  2 kobolds
  A rat (D:1)
22 creatures vanquished.

Notes
Turn   | Place    | Note
-------+----------+-------------------------------------------
     0 | D:1      | sanka the Deep Elf Transmuter began the quest for the Orb.
     0 | D:1      | Reached XP level 1. HP: 11/11 MP: 6/6
   345 | D:1      | Reached skill level 4 in Spellcasting
   345 | D:1      | Reached XP level 2. HP: 12/16 MP: 9/9
  1486 | D:2      | Noticed Natasha
  2089 | D:1      | Reached XP level 3. HP: 13/20 MP: 9/11
  2222 | D:1      | Found a faded altar of an unknown god.
  2226 | D:1      | Prayed at the altar of an unknown god.
  2226 | D:1      | Became a worshipper of Hepliaklqana the Forgotten
  2226 | D:1      | Reached * piety under Hepliaklqana
  2227 | D:1      | Quit the game

Illustrated notes

Levels and vault maps discovered:
D:1:      wander_arrival_estate, layout_loops_ring,
          shapermc_ecumenical_altar_acropolis, serial_aquarium,
          aquarium_bridge_straight [aquarium_subvault_bridge,
          aquarium_subvault_wall, aquarium_subvault_bridge,
          aquarium_subvault_window], aquarium_window_fake, aquarium_window_fake,
          aquarium_window_1, aquarium_view_2d, aquarium_view_2d
D:2:      layout_basic, chequers_serial_rivers_large_a, uniq_natasha

Skill      XL: |  1 |
---------------+----+-----
Spellcasting   | 4 |  4.9
Fighting       | |  0.7
Dodging        | |  2.4
Unarmed Combat | |  2.4
Transmutations | |  2.1

Action                   || total
-------------------------++-------
Melee: Unarmed           ||    72
       Kick              ||    12
       Headbutt          ||     7
       Punch             ||     3
 Cast: Beastly Appendage ||    17
Armor: Robe              ||    11
Dodge: Dodged            ||    47
